 Dungeon Crawl Stone Soup version 0.31-a0-149-g3fdcc5976a (webtiles) character file.

Game seed: 159483752534953585

22127 qw the Marksminotaur (level 12, -6/110 HPs)
             Began as a Minotaur Hunter on June 7, 2023.
             Was a High Priest of Okawaru.
             Mangled by a yak (13 damage)
             ... on level 2 of the Lair of Beasts.
             The game lasted 00:04:13 (11783 turns).

qw the Marksminotaur (Minotaur Hunter)             Turns: 11783, Time: 00:04:13

Health: -6/110     AC:  7    Str: 16 (17) XL:     12   Next: 60%
Magic:  16/17      EV: 19    Int:  4 (6)  God:    Okawaru [*****.]
Gold:   1715       SH:  0    Dex: 16 (18) Spells: 11/11 levels left

rFire   . . .        Y - +0 longbow
rCold   + . .        (shield currently unavailable)
rNeg    . . .        m - +1 leather armour {rC+}
rPois   +            j - +1 hat of the Quahog {Slay+6}
rElec   .            (no cloak)
rCorr   .            (no gloves)
SInv    .            i - +0 pair of boots
Will    .....        (no amulet)
Stlth   +++          l - ring of poison resistance
HPRegen 0.38/turn    f - +4 ring of slaying {mikee}
MPRegen 0.15/turn

%: no passive effects
@: about to teleport, heroic
A: horns 2, retaliatory headbutt
a: Renounce Religion, Heroism, Finesse, Duel


You were on level 2 of the Lair of Beasts.
You worshipped Okawaru.
Okawaru was extremely pleased with you.
You visited 3 branches of the dungeon, and saw 14 of its levels.

You collected 1786 gold pieces.
You spent 71 gold pieces at shops.


Innate Abilities, Weirdness & Mutations

You have a pair of horns on your head.
You reflexively headbutt those who attack you in melee.


   Skills:
 - Level 11.0(16.0) Fighting
 + Level 16.9(21.9) Ranged Weapons
 - Level 3.4(8.4) Armour
 - Level 8.1(13.1) Dodging
 - Level 0.7(5.7) Stealth
 + Level 9.2 Invocations


You had 11 spell levels left.
You didn't know any spells.
Your spell library was empty.

Inventory:

Hand Weapons
 Y - a +0 longbow (weapon)
Armour
 i - a +0 pair of boots (worn)
 j - the +1 hat of the Quahog (worn) {Slay+6}
   (You acquired it on level 5 of the Dungeon)

   Slay:      It affects your accuracy & damage with ranged weapons and melee
   (+6).
 m - a +1 leather armour of cold resistance (worn)
 n - a +1 leather armour of willpower
 p - +0 steam dragon scales
 r - the +0 ring mail of Activism {rCorr Str-4 Slay-2 SInv}
   (You took it off a kobold on level 8 of the Dungeon)

   Str:       It affects your strength (-4).
   Slay:      It affects your accuracy & damage with ranged weapons and melee
   (-2).
   SInv:      It lets you see invisible.
   rCorr:     It protects you from acid and corrosion.
Jewellery
 f - a +4 ring of slaying (right hand) {mikee}
 l - a ring of poison resistance (left hand)
 t - a +4 ring of protection
 u - a ring of protection from fire
Wands
 e - a wand of digging (5)
Scrolls
 a - a scroll of identify
 b - 2 scrolls of teleportation
Potions
 c - 3 potions of might
 d - 2 potions of curing
 h - a potion of resistance
 k - a potion of magic
 q - a potion of experience {unknown}
 s - a potion of ambrosia {unknown}

Dungeon Overview and Level Annotations

Branches:
Dungeon (10/15)            Temple (1/1) D:6            Lair (3/5) D:10
    Orc (0/2) D:10
  Swamp: Lair:2-3    Shoals: Lair:2-3     Snake: Lair:2-3    Spider: Lair:2-3

Altars:
Ashenzari
Cheibriados
Dithmenos
Elyvilon
Fedhas
Gozag
Hepliaklqana
Kikubaaqudgha
Makhleb
Nemelex Xobeh
Okawaru
Qazlal
Ru
Sif Muna
Trog
Uskayaw
Vehumet
Wu Jian
Xom
Yredelemnul
Zin
The Shining One

Shops:
D:4 (

Annotations:
Lair:1 1 runed translucent door, qw's ghost, novice MiHu


Message History

The yak is severely wounded.
You shoot an arrow. The arrow hits the yak!
The yak is almost dead.
The komodo dragon bites you but does no damage.
The yak gores you! x2
11781 ||| STAIRDANCE The komodo dragon barely misses you.
You furiously retaliate!
You headbutt the komodo dragon! The yak gores you! The yak gores you.
You climb upwards.
There is a stone staircase leading down here.
Enter note:
Enter note:
Enter note:
Enter note:
Enter note:
Enter note:
Enter note:
Enter note:
Enter note:
Enter note:
Enter note:
Enter note:
Enter note:
Enter note:
Enter note:
Enter note:
Enter note:
Enter note:
Enter note:
Enter note:
Enter note:
11783 ||| READING 3 scrolls of teleportation.
As you read the scroll of teleportation, it crumbles to dust.
You feel strangely unstable. The komodo dragon bites you!! The yak misses you.
You furiously retaliate!
You headbutt the yak!!
You kill the yak!
Okawaru accepts your kill. The yak gores you!
You die...

P...P# ##.................##.....
.....###..#...............###....
%........###.............P##.#...
.......####.............#####....
.......# #.............###......
#......## #PP........^..#.#......
#.......# ##.............#...P#..
##P.....## ###...l..........###..
###.....# #.%@Y.....#..### ###
###...## #P#######...## # ##...##
### #...## # ##.#.# ##### #####


You could see a komodo dragon and a yak.

Vanquished Creatures
  2 two-headed ogres
  Erica (D:10)
  2 boulder beetles
  A centaur warrior (D:10)
  Amaemon (Lair:1)
  An orc knight (D:10)
  A cyclops (D:10)
  A manticore (D:10)
  An orange demon (Lair:1)
  3 black mambas
  A torpor snail (Lair:2)
  4 cane toads
  3 komodo dragons
  A troll (D:9)
  16 blink frogs
  A wyvern (D:9)
  A wraith (D:10)
  30 yaks
  A basilisk (Lair:2)
  2 steam dragons
  2 acid dragons (D:10)
  4 ice beasts
  8 water moccasins
  3 orc warriors
  2 sky beasts
  A black bear (D:7)
  3 centaurs
  2 ogres (D:6)
  3 kobold brigands
  11 bullfrogs
  5 scorpions
  14 wights
  6 killer bees (D:9)
  A howler monkey (D:7)
  4 hounds
  3 orc priests
  Terence (D:3)
  Jessica (D:2)
  2 sleepcaps
  7 orc wizards
  An iguana (D:6)
  A scorpion zombie (D:4)
  2 hound zombies (D:4)
  6 adders
  2 shadow imps
  2 white imps
  2 ufetubi
  An adder zombie (D:4)
  2 worms
  8 dart slugs
  44 orcs
  9 ball pythons
  10 endoplasms
  5 giant cockroaches
  10 goblins
  6 hobgoblins
  2 jackals (D:1)
  22 kobolds
  2 quokkas (D:4)
  4 bats
  3 frilled lizards (D:1)
  6 rats
307 creatures vanquished.

Vanquished Creatures (others)
  An orc wizard (D:7)
1 creature vanquished.

Grand Total: 308 creatures vanquished

Notes
Turn   | Place    | Note
-------+----------+-------------------------------------------
     0 | D:1      | qw the Minotaur Hunter began the quest for the Orb.
     0 | D:1      | Reached XP level 1. HP: 18/18 MP: 0/0
     0 | D:1      | 0 ||| qw: Version: 0.2-a-117-gc6b5c8b
     0 | D:1      | 0 ||| qw: Game counter: 2569
     0 | D:1      | 0 ||| qw: Always use a shield: true
     0 | D:1      | 0 ||| qw: God list: Okawaru
     0 | D:1      | 0 ||| qw: Allow faded altars: false
     0 | D:1      | 0 ||| qw: Do Orc after D:15 true
     0 | D:1      | 0 ||| qw: Do second Lair branch before Depths: true
     0 | D:1      | 0 ||| qw: Lair rune preference: random
     0 | D:1      | 0 ||| qw: Plans: Normal
     0 | D:1      | 0 ||| PLANNING D:1-11
   169 | D:1      | Reached XP level 2. HP: 25/25 MP: 1/1
   199 | D:1      | Reached skill level 5 in Ranged Weapons
   200 | D:1      | 200 ||| Stepping ~*~*~tactically~*~*~ (outnumbered).
   292 | D:1      | Reached skill level 3 in Fighting
   492 | D:1      | Reached XP level 3. HP: 31/31 MP: 2/2
   657 | D:1      | 657 ||| UPGRADING to +0 ring mail.
   667 | D:1      | 667 ||| DROPPING +0 leather armour.
   668 | D:1      | 668 ||| READING scroll labelled WAFFUF TESAIJ.
   669 | D:1      | 669 ||| READING scroll labelled XOESANL FEPLICS.
   670 | D:1      | 670 ||| DROPPING scroll of butterflies.
   732 | D:2      | Noticed Jessica
   736 | D:2      | Killed Jessica
   737 | D:2      | Reached XP level 4. HP: 38/38 MP: 3/3
  1481 | D:2      | 1481 ||| DROPPING scarf of harm.
  1482 | D:2      | 1482 ||| UPGRADING to +0 pair of boots.
  1487 | D:2      | 1487 ||| READING scroll labelled VANORA POXKISO.
  1492 | D:2      | 1492 ||| DRINKING 2 fizzy golden potions.
  1493 | D:2      | 1493 ||| READING 2 scrolls of identify.
  1493 | D:2      | 1493 ||| IDENTIFYING glowing brown potion
  1494 | D:2      | 1494 ||| DROPPING potion of invisibility.
  1495 | D:2      | 1495 ||| DROPPING potion of enlightenment.
  1546 | D:3      | Noticed a scorpion
  1554 | D:3      | Killed a scorpion
  1555 | D:3      | Reached skill level 6 in Ranged Weapons
  1555 | D:3      | Reached XP level 5. HP: 30/45 MP: 4/4
  1859 | D:3      | Noticed Terence
  1874 | D:3      | Killed Terence
  2089 | D:3      | 2089 ||| READING scroll labelled DOFAK OFEMAC.
  2090 | D:3      | 2090 ||| READING scroll labelled FAPEAT WAGOUFIRPH.
  2091 | D:3      | 2091 ||| READING scroll labelled ZASTRUCZ ER KUM.
  2092 | D:3      | 2092 ||| READING 2 scrolls of identify.
  2092 | D:3      | 2092 ||| IDENTIFYING metallic inky potion
  2094 | D:3      | 2094 ||| Stepping ~*~*~tactically~*~*~ (cloud).
  2250 | D:4      | Reached XP level 6. HP: 49/52 MP: 5/5
  2267 | D:4      | Found a basalt altar of Yredelemnul.
  2284 | D:4      | Reached skill level 7 in Ranged Weapons
  2434 | D:4      | HP: 10/52 [orc wizard/magic dart (5)]
  2435 | D:4      | 2435 ||| DRINKING potion of heal wounds.
  2535 | D:4      | Found Raenlei's Weapon Boutique.
  2545 | D:4      | 2545 ||| BUYING +0 longbow (71 gold).
  2545 | D:4      | Bought a +0 longbow for 71 gold pieces
  2545 | D:4      | 2545 ||| SWAPPING to +0 longbow.
  2546 | D:4      | 2546 ||| DROPPING +0 shortbow.
  2613 | D:4      | Reached skill level 8 in Ranged Weapons
  2624 | D:4      | Found an ornate altar of the Wu Jian Council.
  2624 | D:4      | Found an ancient bone altar of Kikubaaqudgha.
  2924 | D:4      | 2924 ||| READING scroll labelled NIRUPO CIDWEGG.
  2950 | D:5      | Entered Level 5 of the Dungeon
  2955 | D:5      | 2955 ||| STAIRDANCE
  3055 | D:5      | Found a hazy altar of Hepliaklqana.
  3116 | D:5      | Noticed a water moccasin
  3128 | D:5      | Killed a water moccasin
  3129 | D:5      | Reached XP level 7. HP: 25/61 MP: 6/6
  3304 | D:5      | Reached skill level 3 in Dodging
  3371 | D:5      | HP: 14/61 [poisoned by a water moccasin]
  3376 | D:5      | HP: 10/61 [poisoned by a water moccasin]
  3839 | D:5      | Reached skill level 9 in Ranged Weapons
  4030 | D:5      | 4030 ||| READING scroll labelled ATOH OQOPH.
  4031 | D:5      | 4031 ||| READING 2 scrolls labelled OVYTTA JEATWYE.
  4031 | D:5      | Identified 2 scrolls of acquirement
  4031 | D:5      | 4031 ||| ACQUIRING 1006 gold pieces
  4031 | D:5      | Acquired 1006 gold pieces
  4033 | D:5      | 4033 ||| READING scroll of acquirement.
  4033 | D:5      | 4033 ||| ACQUIRING +1 hat of the Quahog {Slay+6}
  4033 | D:5      | Acquired the +1 hat of the Quahog {Slay+6}
  4035 | D:5      | 4035 ||| UPGRADING to +1 hat of the Quahog {Slay+6}.
  4040 | D:5      | 4040 ||| READING 3 scrolls of identify.
  4040 | D:5      | 4040 ||| IDENTIFYING sapphire potion
  4041 | D:5      | 4041 ||| READING 2 scrolls of identify.
  4041 | D:5      | 4041 ||| IDENTIFYING cyan potion
  4106 | D:6      | 4106 ||| Stepping ~*~*~tactically~*~*~ (outnumbered).
  4118 | D:6      | Reached skill level 6 in Fighting
  4145 | D:6      | Noticed a fire elemental
  4146 | D:6      | Found a stormy altar of Qazlal.
  4148 | D:6      | Noticed a water elemental
  4148 | D:6      | Noticed an air elemental
  4156 | D:6      | Reached XP level 8. HP: 70/70 MP: 7/7
  4490 | D:6      | Reached skill level 10 in Ranged Weapons
  4593 | D:6      | Found a staircase to the Ecumenical Temple.
  4594 | D:6      | 4594 ||| PLANNING TEMPLE
  4594 | D:6      | 4594 ||| UPGRADING to ring of poison resistance.
  4601 | Temple   | Entered the Ecumenical Temple
  4755 | Temple   | 4755 ||| PLANNING OKAWARU WORSHIP
  4775 | Temple   | 4775 ||| READING scroll labelled LIXAPO PALIT.
  4905 | Temple   | Became a worshipper of Warmaster Okawaru
  4905 | Temple   | 4905 ||| PLANNING D:1-11
  5299 | D:7      | Reached skill level 11 in Ranged Weapons
  5433 | D:7      | Found an opulent altar of Gozag.
  5469 | D:7      | Reached * piety under Okawaru
  5470 | D:7      | Reached skill level 3 in Armour
  5470 | D:7      | Reached XP level 9. HP: 78/79 MP: 8/8
  5505 | D:7      | Reached skill level 1 in Invocations
  5621 | D:7      | 5621 ||| INVOKING Heroism.
  5727 | D:7      | Reached skill level 3 in Invocations
  6236 | D:7      | 6236 ||| UPGRADING to +1 leather armour of cold resistance.
  6246 | D:7      | 6246 ||| DROPPING +0 ring mail.
  6247 | D:7      | 6247 ||| READING 2 scrolls of identify.
  6247 | D:7      | 6247 ||| IDENTIFYING red potion
  6248 | D:7      | 6248 ||| DROPPING potion of brilliance.
  6323 | D:8      | Reached ** piety under Okawaru
  6333 | D:8      | Found a hide-covered altar of Uskayaw.
  6355 | D:8      | 6355 ||| INVOKING Heroism.
  6367 | D:8      | Reached skill level 12 in Ranged Weapons
  6369 | D:8      | 6369 ||| Stepping ~*~*~tactically~*~*~ (outnumbered).
  6373 | D:8      | 6373 ||| INVOKING Heroism.
  6588 | D:8      | 6588 ||| INVOKING Heroism.
  6716 | D:8      | Noticed a two-headed ogre
  6717 | D:8      | 6717 ||| INVOKING Heroism.
  6723 | D:8      | Killed a two-headed ogre
  6724 | D:8      | Reached XP level 10. HP: 69/88 MP: 9/12
  6779 | D:8      | Found a shimmering blue altar of Sif Muna.
  6851 | D:8      | Identified the +5 spear of a Gauntlet {elec, rN+++ Int-2
                  | SInv Stlth+}
  6918 | D:8      | Identified the +0 ring mail of Activism {rCorr Str-4 Slay-2
                  | SInv}
  6919 | D:8      | 6919 ||| Stepping ~*~*~tactically~*~*~ (outnumbered).
  6925 | D:8      | 6925 ||| Stepping ~*~*~tactically~*~*~ (outnumbered).
  6929 | D:8      | 6929 ||| Stepping ~*~*~tactically~*~*~ (outnumbered).
  7120 | D:8      | Found a bloodstained altar of Trog.
  7129 | D:8      | Found a white marble altar of Elyvilon.
  7160 | D:8      | 7160 ||| READING 2 scrolls labelled VAMMECAAFE.
  7161 | D:8      | 7161 ||| READING 2 scrolls labelled OSUGIE VYEKLA.
  7162 | D:8      | 7162 ||| READING 3 scrolls of identify.
  7162 | D:8      | 7162 ||| IDENTIFYING dark potion
  7163 | D:8      | 7163 ||| READING 2 scrolls of identify.
  7163 | D:8      | 7163 ||| IDENTIFYING orange potion
  7164 | D:8      | 7164 ||| DROPPING scroll of vulnerability.
  7165 | D:8      | 7165 ||| DROPPING scroll of fear.
  7166 | D:8      | 7166 ||| DROPPING potion of attraction.
  7232 | D:9      | Noticed a two-headed ogre
  7233 | D:9      | 7233 ||| INVOKING Heroism.
  7237 | D:9      | Killed a two-headed ogre
  7238 | D:9      | Reached skill level 13 in Ranged Weapons
  7399 | D:9      | 7399 ||| INVOKING Heroism.
  7400 | D:9      | 7400 ||| Stepping ~*~*~tactically~*~*~ (outnumbered).
  7513 | D:9      | Noticed a boulder beetle
  7514 | D:9      | 7514 ||| INVOKING Heroism.
  7528 | D:9      | Killed a boulder beetle
  7529 | D:9      | Reached skill level 9 in Fighting
  7575 | D:9      | Found a glowing silver altar of Zin.
  7601 | D:9      | 7601 ||| INVOKING Heroism.
  7908 | D:9      | 7908 ||| READING 2 scrolls of identify.
  7908 | D:9      | 7908 ||| IDENTIFYING fizzy puce potion
  7912 | D:10     | Entered Level 10 of the Dungeon
  7912 | D:10     | Found a staircase to the Orcish Mines.
  7927 | D:10     | 7927 ||| FLEEEEING.
  7928 | D:10     | 7928 ||| INVOKING Heroism.
  7928 | D:10     | Noticed a cyclops
  7930 | D:10     | Noticed a manticore
  7932 | D:10     | Killed a cyclops
  7933 | D:10     | Reached skill level 14 in Ranged Weapons
  7933 | D:10     | Noticed an orc knight
  7935 | D:10     | Noticed a centaur warrior
  7937 | D:10     | Killed a manticore
  7937 | D:10     | Reached *** piety under Okawaru
  7938 | D:10     | Reached XP level 11. HP: 79/101 MP: 11/13
  7943 | D:10     | HP: 23/101 [centaur warrior/arrow (4)]
  7944 | D:10     | 7944 ||| READING 3 scrolls of teleportation.
  7944 | D:10     | Killed an orc knight
  7945 | D:10     | 7945 ||| DRINKING 2 potions of heal wounds.
  7947 | D:10     | 7947 ||| DRINKING potion of heal wounds.
  7948 | D:10     | Noticed Erica
  7954 | D:10     | Killed Erica
  8245 | D:10     | Reached **** piety under Okawaru
  8248 | D:10     | 8248 ||| INVOKING Heroism.
  8417 | D:10     | Reached skill level 15 in Ranged Weapons
  8423 | D:10     | 8423 ||| INVOKING Heroism.
  8429 | D:10     | Received a gift from Okawaru
  8654 | D:10     | 8654 ||| INVOKING Heroism.
  8667 | D:10     | 8667 ||| DRINKING 3 potions of curing.
  8667 | D:10     | 8667 ||| (to cure confusion)
  8669 | D:10     | Killed a centaur warrior
  8928 | D:10     | Found a staircase to the Lair.
  9073 | D:10     | 9073 ||| PLANNING LAIR
  9073 | D:10     | 9073 ||| UPGRADING to +4 ring of slaying {mikee}.
  9074 | D:10     | 9074 ||| READING 2 scrolls of identify.
  9074 | D:10     | 9074 ||| IDENTIFYING metallic grey potion
  9075 | D:10     | 9075 ||| DROPPING potion of berserk rage.
  9120 | Lair:1   | Entered Level 1 of the Lair of Beasts
  9121 | Lair:1   | 9121 ||| INVOKING Heroism.
  9153 | Lair:1   | Found a runed translucent door.
  9297 | Lair:1   | 9297 ||| INVOKING Heroism.
  9308 | Lair:1   | Reached skill level 16 in Ranged Weapons
  9397 | Lair:1   | 9397 ||| INVOKING Heroism.
  9404 | Lair:1   | Reached skill level 6 in Invocations
  9446 | Lair:1   | 9446 ||| INVOKING Heroism.
  9710 | Lair:1   | Noticed a boulder beetle
  9711 | Lair:1   | 9711 ||| INVOKING Heroism.
  9722 | Lair:1   | Killed a boulder beetle
  9723 | Lair:1   | 9723 ||| FLEEEEING.
  9724 | Lair:1   | 9724 ||| FLEEEEING.
  9725 | Lair:1   | 9725 ||| FLEEEEING.
  9726 | Lair:1   | 9726 ||| FLEEEEING.
  9727 | Lair:1   | 9727 ||| FLEEEEING.
  9728 | Lair:1   | 9728 ||| FLEEEEING.
  9729 | Lair:1   | 9729 ||| FLEEEEING.
  9732 | Lair:1   | HP: 25/101 [komodo dragon (20)]
  9733 | Lair:1   | 9733 ||| READING 3 scrolls of teleportation.
  9734 | Lair:1   | 9734 ||| DRINKING potion of heal wounds.
  9736 | Lair:1   | Reached XP level 12. HP: 50/107 MP: 14/16
  9894 | Lair:1   | Noticed Amaemon
  9895 | Lair:1   | 9895 ||| INVOKING Heroism.
  9897 | Lair:1   | 9897 ||| Stepping ~*~*~tactically~*~*~ (outnumbered).
  9901 | Lair:1   | 9901 ||| Stepping ~*~*~tactically~*~*~ (outnumbered).
  9909 | Lair:1   | Killed Amaemon
 10023 | Lair:1   | 10023 ||| INVOKING Heroism.
 10188 | Lair:1   | Identified the +5 triple sword of Checkmate {flame, rF++}
 10429 | Lair:1   | Noticed qw's ghost (novice MiHu)
 10574 | Lair:1   | 10574 ||| DROPPING +6 ring of intelligence.
 10613 | Lair:2   | Found a stormy altar of Qazlal.
 10629 | Lair:2   | 10629 ||| INVOKING Heroism.
 10820 | Lair:2   | 10820 ||| INVOKING Heroism.
 10960 | Lair:2   | 10960 ||| INVOKING Heroism.
 11061 | Lair:2   | 11061 ||| DRINKING 2 potions of cancellation.
 11062 | Lair:2   | 11062 ||| DRINKING potion of cancellation.
 11064 | Lair:2   | Reached ***** piety under Okawaru
 11372 | Lair:2   | 11372 ||| INVOKING Heroism.
 11378 | Lair:2   | Reached skill level 9 in Invocations
 11638 | Lair:2   | 11638 ||| READING scroll labelled UDICUCALLAL.
 11739 | Lair:2   | 11739 ||| DRINKING 2 black potions.
 11740 | Lair:2   | 11740 ||| READING 2 scrolls of identify.
 11740 | Lair:2   | 11740 ||| IDENTIFYING lumpy ruby potion
 11741 | Lair:2   | 11741 ||| DROPPING potion of degeneration.
 11769 | Lair:3   | 11769 ||| INVOKING Heroism.
 11781 | Lair:3   | 11781 ||| STAIRDANCE
 11781 | Lair:3   | HP: 26/110 [yak (2)]
 11783 | Lair:2   | 11783 ||| READING 3 scrolls of teleportation.
 11783 | Lair:2   | HP: 7/110 [komodo dragon (20)]
 11783 | Lair:2   | Mangled by a yak

Levels and vault maps discovered:
D:1:      tarquinn_simple_flora_water_d, layout_loops_ring, fountainhead,
          corexii_corridor_pit
D:2:      layout_loops_corners, grunt_ministairs_3, uniq_jessica
D:3:      layout_basic, uniq_terence
D:4:      layout_rooms, nicolae_yredelemnul_corpse_copse, jmf_multi_god_temple,
          nicolae_stop_n_shop_2, chequers_arboretum
D:5:      layout_loops_ring, marbit_many_paths
D:6:      layout_gridville, nicolae_qazlal_style_of_elements,
          minmay_temple_entry_tees
D:7:      kennysheep_six_static_rooms, layout_basic,
          mainiacjoe_overflow_chevrons
D:8:      layout_basic, kennysheep_mini, mainiacjoe_overflow_cross_hatched,
          mainiacjoe_overflow_swirl, special_room [special_room_orc],
          minmay_misc_feat_cross
D:9:      layout_irregular_city, mainiacjoe_overflow_24_doors
D:10:     minmay_bloctagon_deflated, layout_long_grid, lair_entry_dummy,
          orc_0_dummy, uniq_erica
Temple:   grunt_temple_mini_profane
Lair:1:   layout_loops_ring, ebering_ghost_reflecting_pool, serial_forest,
          infiniplex_forest_lined_room_, infiniplex_forest_clump_small,
          infiniplex_forest_zigzag_1, infiniplex_forest_join,
          infiniplex_forest_lined_2, infiniplex_forest_clump_medium,
          nzn_sisyphean_effort, uniq_amaemon
Lair:2:   layout_cave_pods, basic_altar
Lair:3:   dreamdust_labyrinth, layout_cave_pods, elwin_shoals_entry_rooms,
          spider_nest_entry_rubble, lemuel_fruit_tree

Skill      XL: |  1  2  3  4  5  6  7  8  9 10 11 12 |
---------------+-------------------------------------+-----
Ranged Weapons | 5 6 8 9 11 12 14 16 | 16.9
Fighting       | 3 4 5 6 7 8 10 11 | 11.0
Armour         | 2 3 |  3.4
Dodging        | 3 4 7 8 |  8.1
Invocations    | 4 6 9 |  9.2
Stealth        | |  0.7

Action                     |  1- 3 |  4- 6 |  7- 9 | 10-12 || total
---------------------------+-------+-------+-------+-------++-------
   Fire: Shortbow          |    83 |   221 |       |       ||   304
         Longbow           |       |    35 |   232 |   364 ||   631
 Invoke: Heroism           |       |       |     5 |    20 ||    25
    Use: Scroll            |     2 |     7 |     7 |    11 ||    27
         Potion            |       |     2 |       |     7 ||     9
 Armour: Leather armour    |     5 |       |     4 |    33 ||    42
         Ring mail         |       |    61 |    24 |       ||    85
  Dodge: Dodged            |    14 |    89 |    69 |   159 ||   331

Table legend:
 A = Non-vault XP
 B = Vault XP
 C = Vault XP percentage of total XP
 D = Non-vault monster count
 E = Vault monster count
 F = Vault count percentage of total count
                 A         B        C        D         E       F
            +---------+---------+-------+---------+---------+-------
      Total |   25356 |    6453 |  20.3 |     269 |      39 |  12.7
            +---------+---------+-------+---------+---------+-------
        D:1 |      55 |       0 |   0.0 |      30 |       0 |   0.0
        D:2 |      49 |      37 |  43.0 |      16 |       1 |   5.9
        D:3 |     139 |      38 |  21.5 |      20 |       1 |   4.8
        D:4 |     278 |      86 |  23.6 |      20 |       6 |  23.1
        D:5 |     585 |       4 |   0.7 |      15 |       1 |   6.2
        D:6 |    1021 |       0 |   0.0 |      19 |       0 |   0.0
        D:7 |    1148 |     604 |  34.5 |      23 |       6 |  20.7
        D:8 |    2136 |     216 |   9.2 |      28 |      16 |  36.4
        D:9 |    2964 |       0 |   0.0 |      13 |       0 |   0.0
       D:10 |    4306 |    3458 |  44.5 |      33 |       5 |  13.2
     Lair:1 |    5082 |    2010 |  28.3 |      21 |       3 |  12.5
     Lair:2 |    6781 |       0 |   0.0 |      27 |       0 |   0.0
     Lair:3 |     812 |       0 |   0.0 |       4 |       0 |   0.0
            +---------+---------+-------+---------+---------+-------
